 Dungeon Crawl Stone Soup version 0.15-a0-271-g6095dc6 (webtiles) character file.

66310 MrRokkomies the Bewitcher (level 15, 0/80 HPs)
             Began as a Vine Stalker Enchanter on Apr 27, 2014.
             Was a High Priest of Ashenzari.
             Shot with an arrow by a naga sharpshooter (17 damage)
             ... on Level 1 of the Snake Pit on Apr 28, 2014.
             The game lasted 02:17:21 (24821 turns).

MrRokkomies the Bewitcher (Vine Stalker Enchanter) Turns: 24821, Time: 02:17:22

HP   0/80        AC 19     Str 10      XL: 15   Next: 10%
MP   0/33        EV 16     Int 20      God: Ashenzari [*****.]
Gold 2517        SH 13     Dex 17      Spells:  6 memorised,  2 levels left

rFire  . . .     SeeInvis +     Q - +2 dagger (speed)
rCold  . . .     Clarity  +     k - +2 swamp dragon armour (curse)
rNeg   . . .     Conserve .     P - +1 buckler (curse)
rPois  +         rCorr    +     c - +1 helmet (curse)
rElec  .         rRot     +     X - +1 cloak
SustAb . .       Spirit   +     s - +0 pair of gloves
rMut   .         Warding  .     U - +1 pair of boots (curse)
Saprov . . .     Stasis   .     g - cursed amulet of resist corrosion
MR     +....                    l - cursed ring of magical power
                                A - +0,+8 ring of slaying

@: somewhat resistant to hostile enchantments, quite stealthy
A: fangs 3, regeneration 3, magic shield, antimagic bite, no device heal
a: Scrying, Transfer Knowledge, Renounce Religion


You were on level 1 of the Snake Pit.
You worshipped Ashenzari.
Ashenzari was extremely pleased with you.
You were not hungry.

You visited 5 branches of the dungeon, and saw 26 of its levels.

You collected 2682 gold pieces.
You spent 165 gold pieces at shops.

Inventory:

Hand weapons
 e - a +3,+0 dagger of venom
 m - a +0,+1 short sword of holy wrath
 y - the +4,+10 falchion of Midnight {slice, rF++ rC+ MR+ Str+4}
   (You found it on level 3 of the Lair of Beasts)

   It inflicts extra damage upon your enemies.
   It affects your strength (+4).
   It greatly protects you from fire.
   It protects you from cold.
   It affects your resistance to hostile enchantments.
 J - a +0 blowgun
 Q - a +2,+2 dagger of speed (weapon)
Missiles
 d - 10 darts (quivered)
 h - 2 needles of frenzy
 u - 9 curare-tipped needles
 K - 78 poisoned needles
Armour
 c - a cursed +1 helmet (worn)
 k - a cursed +2 swamp dragon armour (worn)
 s - a +0 pair of gloves (worn)
 P - a cursed +1 buckler (worn)
 U - a cursed +1 pair of boots (worn)
 X - a +1 cloak (worn)
Magical devices
 b - a wand of draining (4)
 f - a wand of cold (9)
 p - a wand of disintegration (13)
 r - a wand of flame (13)
 w - a wand of magic darts (11)
 L - a wand of digging (15)
 N - a wand of teleportation (2)
Comestibles
 x - 3 meat rations
Scrolls
 n - 2 scrolls of immolation
 t - 4 scrolls of identify
 F - 4 scrolls of fear
 M - 2 scrolls of magic mapping
 O - 2 scrolls of teleportation
Jewellery
 a - an uncursed ring of protection from fire
 g - a cursed amulet of resist corrosion (around neck)
 i - a +3 ring of intelligence
 l - a cursed ring of magical power (right hand)
 A - a +0,+8 ring of slaying (left hand)
 I - an uncursed ring of protection from magic
 T - an uncursed ring of wizardry
Potions
 j - 5 potions of curing
 o - 3 potions of haste
 q - a potion of brilliance
 D - 2 potions of resistance
 E - 3 potions of magic
 G - a potion of might
 Z - a potion of agility


   Skills:
 - Level 10.0 Fighting
 - Level 10.1 Short Blades
 - Level 0.8 Throwing
 - Level 5.1(7.7) Armour
 * Level 10.0(12.4) Dodging
 - Level 8.0 Stealth
 - Level 3.0(5.3) Shields
 - Level 2.1 Spellcasting
 + Level 15.4(17.6) Hexes


You had 2 spell levels left.
You knew the following spells:

 Your Spells              Type           Power        Failure   Level  Hunger
a - Corona                Hex            ######.      0%          1    #......
b - Ensorcelled Hibernat  Hex/Ice        #####.       1%          2    ##.....
c - Confuse               Hex            ######..     1%          3    ###....
d - Dazzling Spray        Conj/Hex       #####...     1%          3    ###....
e - Enslavement           Hex            ######..     1%          4    #####..
f - Regeneration          Chrm/Necr      #.........   71%         3    ###....


Dungeon Overview and Level Annotations

Branches:
Dungeon (12/15)            Temple (1/1) D:7             Orc (4/4) D:12
    Elf (0/3) Orc:4          Lair (8/8) D:10          Swamp (0/5) Lair:5
  Snake (1/5) Lair:5        Slime (0/6) Lair:7

Altars:
Ashenzari
Cheibriados
Dithmenos
Elyvilon
Fedhas
Kikubaaqudgha
Makhleb
Nemelex Xobeh
Okawaru
Sif Muna
Trog
Vehumet
Xom
Yredelemnul
Zin
The Shining One
Beogh

Shops:
D:10 !   D:12 :   Orc:1 *   Orc:3 %   Orc:4 (*[(

Annotations:
D:3 MrRokkomies' ghost, average VSEn
D:9 exclusion: 2 oklob saplings, sohrabkorkchi's ghost, experienced LOFi


Innate Abilities, Weirdness & Mutations

You are immune to rotting.
You have razor-sharp teeth.
You regenerate.
When hurt, damage is shared between your health and your magic reserves.
Your bite disrupts and absorbs the magic of your enemies.
Potions and wands cannot restore your HP.


Message History

Casting: Confuse
Confirm with . or Enter, or press ? or * to list all spells.
Aiming: Confuse
Press: ? - help, Shift-Dir - straight line, f/p - naga sharpshooter
Aim: a naga sharpshooter, wielding a bow The naga sharpshooter appears confused.
The electric eel shoots out a bolt of electricity!
The bolt of electricity hits you!
You feel sick.
You see here 3 arrows.
Things that are here:
an uncursed trident; a +1 robe of magic resistance The electric eel shoots out a bolt of electricity!
The bolt of electricity hits you!
* * * LOW HITPOINT WARNING * * *
You feel sick.
You are no longer poisoned.
The naga sharpshooter seems less confused.
The naga sharpshooter shoots an arrow.
The arrow hits you!
You die...

#.......##### #.......#
###'###.# #....#.#
#....#.#############***
#....#....≈≈≈≈≈;≈≈...,
#....###.≈≈≈≈≈≈..≈≈≈# ,,
#....# #≈≈≈.≈≈≈≈.P≈≈# *
##'###
#≈≈...≈≈≈≈..≈#,,,, * #.#
#≈.@≈.N≈≈≈≈.≈# ,,, ,
#.#####≈.≈≈≈((≈≈≈.≈#...
#...%..≈.≈≈≈≈.(≈≈.≈....,
,
#####.#≈P≈≈≈≈≈...≈≈#...,
#.#≈...≈≈≈≈.≈≈≈# ,8
#.#≈≈.P.≈≈≈≈≈≈≈#, ,,
#.#.≈≈≈≈≈≈≈≈≈≈.# ,,
#....≈≈≈≈≈≈≈≈....
################*


You could see a naga sharpshooter and an electric eel.

Vanquished Creatures
  An orc warlord (Orc:4)
  Snorg (Orc:3)
  Nessos (Orc:3)
  10 death yaks
  2 orc high priests (Orc:4)
  6 hydras
  Nergalle (Orc:3)
  A sea snake (Snake:1)
  A hill giant (D:12)
  Joseph (D:8)
  An orc sorcerer (Orc:4)
  A sixfirhy (Orc:4)
  A griffon (Lair:4)
  A manticore (D:11)
  2 wolf spiders (Lair:3)
  4 black mambas
  A gargoyle (D:11)
  An eye of devastation (Lair:7)
  20 spiny frogs
  Psyche (D:8)
  7 komodo dragons
  2 feature mimics
  Sonja (D:10)
  4 wandering mushrooms (D:9)
  4 trolls
  3 two-headed ogres
  2 giant leeches (Lair:8)
  Prince Ribbit (D:8)
  14 blink frogs
  3 fire drakes
  A basilisk (Lair:2)
  A grizzly bear (Lair:4)
  29 yaks
  A shadow (D:12)
  A wyvern (D:8)
  A redback (Lair:3)
  4 elephant slugs
  11 ugly things (D:12)
  10 sharks
  6 vampire mosquitoes
  12 hippogriffs
  5 wolves
  Grum (D:8)
  A hungry ghost (D:9)
  A steam dragon (D:10)
  An ogre zombie (D:12)
  A naga (Snake:1)
  2 necrophages
  3 wargs
  A human skeleton (D:12)
  2 mottled dragons
  12 porcupines
  3 ice beasts
  12 water moccasins
  15 ogres
  2 black bears
  2 yellow wasps
  3 sky beasts
  2 spiders (Lair:3)
  26 orc warriors
  2 phantoms
  4 centaurs
  The ghost of casual the Covered, an average DsFi (D:4)
  Duvessa (D:8)
  15 crocodiles
  10 giant slugs
  4 big kobolds
  A lava worm (D:10)
  A silver statue (D:11)
  38 giant frogs
  A cyclops zombie (D:11)
  4 scorpions
  An eye of draining (D:12)
  2 vampire bats (D:5)
  8 killer bees
  6 wights
  11 electric eels
  A lava snake (D:10)
  Dowan (D:8)
  5 goliath beetles
  A centaur zombie (D:6)
  11 big fish
  2 jellies (D:12)
  23 orc priests
  9 hounds
  11 iguanas
  4 crimson imps
  23 orc wizards
  5 worker ants
  22 sheep
  A mummy (D:8)
  29 adders
  53 green rats
  4 gnolls (D:2)
  An orc zombie (D:5)
  A scorpion zombie (D:8)
  5 giant mites
  2 shadow imps
  3 worms
  An adder zombie (D:8)
  2 giant eyeballs
  15 giant geckos
  191 orcs
  A ball python (D:2)
  3 bat skeletons (D:5)
  3 bat zombies (D:5)
  8 giant cockroaches
  13 hobgoblins
  30 kobolds
  12 quokkas
  22 bats
  A giant cockroach zombie (D:6)
  8 giant newts
  2 giant spores
  16 goblins
  A goblin skeleton (D:4)
  25 jackals
  2 kobold skeletons
  An orc skeleton (D:10)
  21 rats
  4 ballistomycetes
  A bush (Lair:2)
  4 fungi
985 creatures vanquished.

Vanquished Creatures (collateral kills)
  A feature mimic (Orc:4)
  A red devil (Orc:4)
  A warg (Orc:4)
  An orc warrior (Orc:4)
  An ogre (Orc:3)
  An orc priest (Orc:4)
  6 orc wizards
  20 orcs
  A hobgoblin (Orc:2)
  A giant newt (D:4)
34 creatures vanquished.

Vanquished Creatures (others)
  A komodo dragon (Lair:7)
  3 wolves (Lair:7)
  An orc (Orc:4)
  A bush (Lair:2)
  2 fungi
  7 plants
15 creatures vanquished.

Grand Total: 1034 creatures vanquished

Notes
Turn   | Place    | Note
--------------------------------------------------------------
     0 | D:1      | MrRokkomies, the Vine Stalker Enchanter, began the quest for the Orb.
     0 | D:1      | Reached XP level 1. HP: 9/9 MP: 3/3
    51 | D:1      | Reached skill level 1 in Short Blades
   199 | D:1      | Reached XP level 2. HP: 8/13 MP: 5/5
   581 | D:2      | Learned a level 2 spell: Ensorcelled Hibernation
   752 | D:2      | Reached skill level 4 in Hexes
   752 | D:2      | Reached XP level 3. HP: 11/16 MP: 7/7
   973 | D:2      | Reached skill level 1 in Armour
   993 | D:2      | Reached XP level 4. HP: 19/21 MP: 8/8
  1427 | D:2      | Reached XP level 5. HP: 20/24 MP: 11/11
  1579 | D:3      | Noticed MrRokkomies' ghost (average VSEn)
  1600 | D:3      | Found a sparkling altar of Nemelex Xobeh.
  2119 | D:3      | Reached skill level 5 in Hexes
  2222 | D:4      | Gained mutation: You heal very quickly. [vine stalker growth]
  2222 | D:4      | Reached XP level 6. HP: 26/28 MP: 12/12
  2227 | D:4      | Learned a level 3 spell: Confuse
  2231 | D:4      | Learned a level 3 spell: Dazzling Spray
  2312 | D:4      | Noticed a phantom
  2337 | D:4      | Noticed an ogre
  2419 | D:4      | Killed an ogre
  2487 | D:4      | Killed a phantom
  2631 | D:4      | Reached XP level 7. HP: 30/32 MP: 14/14
  2817 | D:4      | Noticed Eustachio
  2860 | D:4      | Noticed Eustachio
  2860 | D:4      | Eustachio changed into Eustachio the worm
  3019 | D:4      | Noticed casual's ghost (average DsFi)
  3454 | D:4      | Reached skill level 6 in Hexes
  3530 | D:4      | Killed Eustachio the worm
  3547 | D:4      | Killed casual's ghost
  3938 | D:5      | Entered Level 5 of the Dungeon
  4312 | D:5      | Found an ancient bone altar of Kikubaaqudgha.
  4320 | D:5      | Gained mutation: You have razor-sharp teeth. [vine stalker growth]
  4320 | D:5      | Reached XP level 8. HP: 36/36 MP: 16/16
  4322 | D:5      | Reached skill level 5 in Armour
  4589 | D:5      | Reached skill level 7 in Hexes
  5122 | D:6      | Reached skill level 8 in Hexes
  5310 | D:6      | Reached skill level 9 in Hexes
  5310 | D:6      | Reached XP level 9. HP: 39/39 MP: 16/18
  5756 | D:7      | Paralysed by a giant eyeball for 4 turns
  5762 | D:7      | Paralysed by a giant eyeball for 2 turns
  5940 | D:7      | Found a staircase to the Ecumenical Temple.
  5948 | Temple   | Entered the Ecumenical Temple
  5956 | Temple   | Became a worshipper of Ashenzari the Shackled
  6341 | D:7      | Reached skill level 10 in Hexes
  6404 | D:7      | Reached skill level 1 in Shields
  6632 | D:8      | Noticed Psyche
  6641 | D:8      | Noticed Grum
  6664 | D:8      | Killed Psyche
  6664 | D:8      | Reached skill level 5 in Short Blades
  6835 | D:8      | Reached XP level 10. HP: 41/44 MP: 18/18
  6887 | D:8      | Found a burning altar of Makhleb.
  6986 | D:8      | Killed Grum
  7048 | D:8      | Noticed Prince Ribbit
  7076 | D:8      | Noticed Dowan
  7077 | D:8      | Noticed Duvessa
  7158 | D:8      | Killed Duvessa
  7158 | D:8      | Reached skill level 5 in Stealth
  7177 | D:8      | Killed Dowan
  7224 | D:8      | Killed Prince Ribbit
  7252 | D:8      | Noticed Joseph
  7259 | D:8      | Killed Joseph
  7611 | D:9      | Found a blossoming altar of Fedhas.
  7762 | D:9      | Found a glowing golden altar of the Shining One.
  7763 | D:9      | Noticed an angel
  7771 | D:9      | Found a basalt altar of Yredelemnul.
  7772 | D:9      | Noticed a profane servitor
  7927 | D:9      | Reached XP level 11. HP: 27/47 MP: 11/20
  7999 | D:9      | Learned a level 4 spell: Enslavement
  8029 | D:9      | Noticed sohrabkorkchi's ghost (experienced LOFi)
  8038 | D:10     | Entered Level 10 of the Dungeon
  8091 | D:10     | Noticed Sonja
  8108 | D:10     | Killed Sonja
  8576 | D:10     | Found Skawnafabb's Distillery.
  8876 | D:10     | Found a staircase to the Lair.
  8882 | Lair:1   | Entered Level 1 of the Lair of Beasts
  9294 | Lair:1   | Upgraded the game from 0.15-a0-258-g027b8cd to 0.15-a0-271-g6095dc6
  9612 | Lair:1   | Reached skill level 10 in Short Blades
  9972 | D:11     | Acquired Ashenzari's first power
 10144 | D:11     | Reached skill level 1 in Fighting
 10479 | D:11     | Reached skill level 5 in Dodging
 10902 | D:12     | Noticed a hill giant
 10922 | D:12     | Killed a hill giant
 11059 | D:12     | Gained mutation: You regenerate. [vine stalker growth]
 11059 | D:12     | Reached XP level 12. HP: 58/58 MP: 21/21
 11074 | D:12     | Found Ogiel's Jewellery Shop.
 11087 | D:12     | Ogiel's Jewellery Shop was a mimic.
 11359 | D:12     | Found a staircase to the Orcish Mines.
 11848 | D:12     | Found Kapeasm's Book Boutique.
 11935 | D:12     | Reached skill level 5 in Fighting
 12521 | Lair:2   | Got the scimitar "Budeg" {vamp, +Inv}
 12584 | Lair:2   | Noticed a seven-headed hydra
 12592 | Lair:2   | Killed a seven-headed hydra
 13090 | Lair:3   | Found a hole to the Spider Nest.
 13212 | Lair:3   | the hole to the Spider Nest was a mimic.
 13286 | Lair:3   | Acquired Ashenzari's second power
 13373 | Lair:3   | Identified the cursed +0 naga barding "Crevolaff" {Dex-1 Int+1}
 13447 | Lair:3   | Got the falchion of Midnight {slice, rF++ rC+ MR+ Str+4}
 13815 | Lair:4   | Reached XP level 13. HP: 65/65 MP: 22/22
 14945 | Lair:1   | Learned a level 3 spell: Regeneration
 15367 | Lair:5   | Found a staircase to the Swamp.
 15492 | Lair:5   | Found a staircase to the Snake Pit.
 15623 | Lair:5   | Acquired Ashenzari's third power
 15636 | Lair:5   | Reached skill level 11 in Hexes
 16544 | Lair:6   | Reached skill level 12 in Hexes
 17080 | Lair:6   | Reached XP level 14. HP: 65/74 MP: 23/23
 17485 | Lair:6   | Reached skill level 13 in Hexes
 17999 | Lair:7   | Found a staircase to the Slime Pits.
 18014 | Lair:7   | Paralysed by a giant eyeball for 4 turns
 19052 | Lair:8   | Entered Level 8 of the Lair of Beasts
 19639 | Lair:8   | Reached skill level 14 in Hexes
 21099 | Orc:1    | Entered Level 1 of the Orcish Mines
 21099 | Orc:1    | Acquired Ashenzari's fourth power
 21362 | Orc:1    | Found Prara's General Store.
 21719 | Orc:2    | Found a roughly hewn altar of Beogh.
 22211 | Orc:3    | Noticed Nergalle
 22231 | Orc:3    | Killed Nergalle
 22385 | Orc:3    | Noticed Nessos
 22657 | Orc:3    | Killed Nessos
 22783 | Orc:4    | Entered Level 4 of the Orcish Mines
 22783 | Orc:4    | Noticed Snorg
 22925 | Orc:3    | Found Puag's Food Shoppe.
 22956 | Orc:3    | Reached skill level 15 in Hexes
 23216 | Orc:4    | Found a roughly hewn altar of Beogh.
 23375 | Orc:4    | Found a roughly hewn altar of Beogh.
 23395 | Orc:4    | Found Rolast's General Store.
 23421 | Orc:4    | Bought 2 scrolls of enchant armour for 165 gold pieces
 23515 | Orc:4    | Noticed an orc warlord
 23529 | Orc:4    | Reached skill level 10 in Fighting
 23546 | Orc:4    | an orc warlord (ally) was killed
 23768 | Orc:4    | Found a roughly hewn altar of Beogh.
 23771 | Orc:4    | Found a bloodstained altar of Trog.
 23860 | Orc:4    | Found a staircase to the Elven Halls.
 23911 | Orc:4    | Reached XP level 15. HP: 80/80 MP: 24/24
 23944 | Orc:4    | Found a glowing silver altar of Zin.
 23953 | Orc:4    | Found a roughly hewn altar of Beogh.
 23953 | Orc:4    | Found Pautodou's Weapon Shoppe.
 24021 | Orc:4    | Found a roughly hewn altar of Beogh.
 24142 | Orc:4    | Found Pruolof's Antique Weapon Shop.
 24142 | Orc:4    | Found a roughly hewn altar of Beogh.
 24146 | Orc:4    | Found Acvagig's Antique Armour Boutique.
 24393 | Orc:3    | Killed Snorg
 24711 | Snake:1  | Entered Level 1 of the Snake Pit
 24806 | Snake:1  | Reached skill level 10 in Dodging
 24821 | Snake:1  | Shot with an arrow by a naga sharpshooter

Action                   |  1- 3 |  4- 6 |  7- 9 | 10-12 | 13-15 || total
-------------------------+-------+-------+-------+-------+-------++-------
Melee: Dagger            |   120 |   214 |   396 |   700 |  1605 ||  3035
 Fire: Blowgun           |       |       |    14 |    16 |       ||    30
Throw: Dart              |       |     4 |     2 |     6 |     1 ||    13
 Cast: Ensorcelled Hiber |       |    34 |    52 |   135 |   177 ||   398
       Confuse           |       |    11 |    31 |    20 |    31 ||    93
       Enslavement       |       |       |       |       |    19 ||    19
Evoke: Wand              |       |     2 |     7 |    11 |    15 ||    35
  Use: Scroll            |     7 |     4 |    14 |     8 |    29 ||    62
       Potion            |       |       |       |     2 |     4 ||     6
 Stab: Sleeping          |       |    15 |    31 |    77 |    92 ||   215
       Confused          |       |     1 |     8 |     6 |     6 ||    21
       Invisible         |       |       |       |       |     2 ||     2
       Distracted        |       |       |       |       |     2 ||     2
